 Dungeon Crawl Stone Soup version 0.18.1-48-g4cf74bf (webtiles) character file.

381846 Jerry the Grand Gadgeteer (level 21, -7/199 HPs)
             Began as a Deep Dwarf Fighter on Aug 6, 2016.
             Was the Champion of Pakellas.
             Killed from afar by a deep elf sorcerer (43 damage)
             ... with a bolt of acid
             ... on level 3 of the Elven Halls on Aug 7, 2016.
             The game lasted 10:24:06 (48287 turns).

Jerry the Grand Gadgeteer (Deep Dwarf Fighter)     Turns: 48287, Time: 10:24:07

Health: -7/199     AC: 26    Str: 23    XL:     21   Next: 91%
Magic:  33/33      EV: 13    Int: 15    God:    Pakellas [******]
Gold:   4143       SH: 22    Dex: 20    Spells: 3 memorised, 14 levels left

rFire  + + +     SeeInvis +     l - +7 war axe of Duesih {vamp, rC+ Int+4}
rCold  + + .     Gourm    .     B - +1 plate armour {rF+}
rNeg   + . .     Faith    .     O - +2 large shield {rF+}
rPois  +         Spirit   .     r - +2 helmet {Int+3}
rElec  .         Dismiss  .     H - +2 cloak {rPois}
rCorr  .         Reflect  .     j - +2 pair of gloves
SustAt .         Harm     .     k - +1 pair of boots
MR     +++++                    W - amulet of Free Expression {+Rage rC+ MR+ Int-2 Dex+2}
Stlth  ..........               t - ring of protection from fire
                                Q - ring of see invisible

@: lethally poisoned (-7 -> -7), corroded, non-regenerating, almost entirely
resistant to hostile enchantments, extremely unstealthy
A: damage resistance, recharge devices, hooves 1, magic resistance 1, negative
energy resistance 1, sense surroundings 3, slow regeneration 3, wild magic 1
a: Device Recharging, Quick Charge, Device Surge, Supercharge, Renounce
Religion, Evoke Berserk Rage
}: 2/15 runes: barnacled, gossamer


You were on level 3 of the Elven Halls.
You worshipped Pakellas.
Pakellas was exalted by your worship.
You were very hungry.

You visited 9 branches of the dungeon, and saw 42 of its levels.
You also visited: Bailey.

You collected 5069 gold pieces.
You spent 926 gold pieces at shops.

Inventory:

Hand Weapons
 l - the +7 war axe of Duesih (weapon) {vamp, rC+ Int+4}
   (You bought it in a shop on level 2 of the Orcish Mines)

   It inflicts no extra harm, but heals its wielder somewhat when it strikes a
   living foe.
   It affects your intelligence (+4).
   It protects you from cold.
Armour
 j - a +2 pair of gloves (worn)
 k - a +1 pair of boots (worn)
 r - a +2 helmet of intelligence (worn)
 B - a +1 plate armour of fire resistance (worn)
 H - a +2 cloak of poison resistance (worn)
 O - a +2 large shield of fire resistance (worn)
Magical Staves
 p - an uncursed staff of earth
Jewellery
 s - a +5 ring of evasion
 t - a ring of protection from fire (right hand)
 Q - a ring of see invisible (left hand)
 W - the amulet of Free Expression (around neck) {+Rage rC+ MR+ Int-2 Dex+2}
   (You found it on level 2 of the Vaults)

   [amulet of rage]

   It affects your intelligence (-2).
   It affects your dexterity (+2).
   It protects you from cold.
   It affects your resistance to hostile enchantments.
   It lets you go berserk.
Wands
 c - a wand of enslavement (20/24)
 e - a wand of heal wounds (1/9)
 y - a wand of iceblast (7/15)
 U - a wand of paralysis (13/24)
 Z - a wand of acid (0/15)
Scrolls
 m - 15 scrolls of teleportation
 o - 4 scrolls of blinking
 q - 7 scrolls of fear
 u - 20 scrolls of remove curse
 C - 3 scrolls of silence
 F - a scroll of amnesia
 G - 10 scrolls of identify
 M - 5 scrolls of recharging
 R - 5 scrolls of magic mapping
 V - 3 scrolls of fog
Potions
 d - 4 potions of might
 g - 13 potions of curing
 h - 7 potions of magic
 v - 5 potions of heal wounds
 w - 4 potions of resistance
 D - 3 potions of ambrosia
 I - 5 potions of flight
 S - 4 potions of invisibility
 T - 5 potions of haste
 Y - 3 potions of agility
Miscellaneous
 a - a phantom mirror
 b - a phial of floods (inert)
 z - a stone of tremors (inert)
 A - a lamp of fire (inert)
Comestibles
 f - 21 bread rations
 i - 23 meat rations
 n - 13 beef jerkies
 x - 17 fruits
 N - 5 royal jellies
 X - 18 slices of pizza


   Skills:
 - Level 14.4 Fighting
 - Level 17.5 Axes
 + Level 19.5 Armour
 - Level 10.9 Dodging
 + Level 13.8 Shields
 O Level 27 Evocations


You had 14 spell levels left.
You knew the following spells:

 Your Spells              Type           Power        Failure   Level  Hunger
a - Swiftness             Chrm/Air       #.......     100%        2    ###....
b - Song of Slaying       Chrm           #.......     100%        2    ###....
c - Repel Missiles        Chrm/Air       #.....       100%        2    ###....


Dungeon Overview and Level Annotations

Branches:
Dungeon (15/15)            Temple (1/1) D:5            Lair (8/8) D:9
 Shoals (4/4) Lair:4       Spider (4/4) Lair:6        Slime (0/6) Lair:8
    Orc (2/2) D:9             Elf (3/3) Orc:2        Vaults (4/5) D:14
  Crypt (0/3) Vaults:3     Depths (1/5) D:15

Altars:
Ashenzari
Cheibriados
Dithmenos
Elyvilon
Fedhas
Gozag
Kikubaaqudgha
Makhleb
Nemelex Xobeh
Okawaru
Pakellas
Qazlal
Ru
Sif Muna
Trog
Vehumet
Xom
Yredelemnul
Zin
The Shining One
Beogh
Jiyva

Shops:
D:5 [   D:7 ?   D:11 =   Orc:2 *([:


Innate Abilities, Weirdness & Mutations

You are resistant to damage.
You can recharge devices by infusing magical energy.
You resist negative energy.
You passively map a large area around you.
You do not regenerate naturally.
You have large cloven feet.
You are resistant to hostile enchantments.
Your spells are a little harder to cast, but a little more powerful.


Message History

The deep elf sorcerer gestures at you while chanting.
The bolt of acid hits you!
* * * LOW HITPOINT WARNING * * *
The acid corrodes you!
The acid burns!
The deep elf sorcerer is empowered by something's aura! x2
The deep elf annihilator is empowered by something's aura!
The deep elf sorcerer is empowered by something's aura!
The deep elf sorcerer gestures at you while chanting.
The deep elf sorcerer resists with almost no effort.
Two crawling corpses merge to form a small abomination.
A crawling corpse merges with a small abomination to form a large abomination.
You see here 7 arrows.
Evoke which item? (* to show all) (? for menu, Esc to quit)
Zapping:
e - a wand of heal wounds (2/9)
Press: ? - help, Shift-Dir - straight line, f - you, p - deep elf sorcerer You feel much better.
This wand has 1 charge left.
The deep elf sorcerer points at you and mumbles some strange words.
The bolt of acid hits you!
You die...
Pakellas says: Back to the drawing board!

# #.........#
# #.........#
# ######..###
* # .# #.# *
*,, *.##E##
##, *
#.#..##.#
##.#..#.###*
,#..≈≈≈≈≈..#,
* * #≈x@≈≈##*
*,
*,#)())≈.#, *
* #(#e#### *
*#..#ee. *
*..###ee)x.
### .)eX.)..
** , (....x..
, * ,,
........,, ,
, ....... ,


You could see a deep elf annihilator, 3 deep elf sorcerers, 2 deep elf high
priests, a large abomination, a crawling corpse and a friendly earth elemental.

Vanquished Creatures
  Saint Roka (Orc:2)
  Rupert (Lair:3)
  A titan (Vaults:2)
  3 sphinxes
  2 deep elf blademasters (Elf:3)
  2 deep elf master archers (Elf:3)
  2 krakens (Shoals:1)
  Frances (Elf:1)
  A tengu reaver (Vaults:2)
  Ilsuiw (Shoals:3)
  Maud (D:11)
  Wiglaf (Vaults:4)
  Aizul (Shoals:1)
  A frost giant (Vaults:1)
  10 vault wardens
  Louise (D:15)
  7 ghost moths
  5 deep elf sorcerers
  9 emperor scorpions
  11 ironheart preservers
  4 deep elf elementalists (Elf:3)
  2 very ugly things
  8 stone giants
  The ghost of chfi the Severer, a journeyman MiFi of Qazlal (Lair:7)
  2 salamander stormcallers
  3 deep elf demonologists
  A spark wasp (Spider:3)
  4 deep elf annihilators
  2 ettins (Vaults:2)
  Azrael (D:15)
  6 merfolk impalers
  4 merfolk javelineers
  9 vault guards
  4 deep elf death magi
  Harold (D:11)
  2 deep elf high priests
  5 entropy weavers
  An ice dragon (Vaults:3)
  A great orb of eyes (Vaults:1)
  4 yaktaur captains
  3 hydras
  A rakshasa (Vaults:1)
  A catoblepas (Shoals:3)
  4 merfolk avatars
  4 death knights
  3 merfolk aquamancers
  32 dancing weapons
  2 alligator snapping turtles
  A deep troll earth mage (Vaults:3)
  7 satyrs
  11 centaur warriors
  6 death yaks
  8 ogre magi
  2 orc high priests
  A deep troll shaman (Vaults:3)
  Urug (D:14)
  7 hell knights (Vaults:4)
  20 deep elf knights
  A small abomination (Elf:3)
  Nergalle (D:10)
  A fire crab (Vaults:1)
  3 skeletal warriors
  A shadow wraith (Vaults:1)
  7 deep trolls
  3 flayed ghosts
  2 unseen horrors (D:15)
  14 sea snakes
  2 giant orange brains
  15 ironbrand convokers
  12 hill giants
  A necromancer (Vaults:1)
  17 deep elf archers
  25 orb spiders
  27 harpies
  10 manticores
  81 deep elf magi
  39 wolf spiders
  11 orc knights
  4 orc sorcerers
  9 griffons
  5 hornets
  A wizard (Vaults:2)
  19 ugly things
  The ghost of bpy6 the Bewitcher, a novice FeEn of Vehumet (Orc:1)
  4 salamanders (Vaults:4)
  17 fauns
  7 sirens
  5 cyclopes
  Maurice (D:9)
  Joseph (D:10)
  6 black mambas
  A human skeleton (Vaults:1)
  3 elephants (Lair:3)
  8 vault sentinels
  An octopode (shapeshifter) (D:15)
  2 gargoyles
  A guardian serpent (shapeshifter) (Vaults:1)
  6 water nymphs
  A torpor snail (Lair:8)
  30 spiny frogs
  5 komodo dragons
  10 freezing wraiths
  A yaktaur zombie (Vaults:1)
  4 kobold demonologists
  9 rime drakes
  32 yaktaurs
  12 demonic crawlers
  43 jumping spiders
  A wind drake (Shoals:3)
  Prince Ribbit (D:6)
  5 trolls
  17 merfolk
  7 giant leeches
  14 slime creatures
  7 boulder beetles
  A polar bear (Lair:6)
  A slime creature (shapeshifter) (D:13)
  Grinder (D:4)
  12 two-headed ogres
  35 blink frogs
  A blink frog (shapeshifter) (Vaults:1)
  6 snapping turtles
  73 redbacks
  16 water elementals
  Sigmund (D:2)
  3 shadows
  3 air elementals
  37 yaks
  A vampire (D:13)
  45 tarantellas
  5 wyverns
  A human (D:7)
  2 humans (shapeshifter)
  18 hippogriffs
  6 wraiths
  3 basilisks
  3 fire elementals
  A steam dragon (D:8)
  Grum (D:10)
  3 hungry ghosts
  31 vampire mosquitoes
  7 wargs
  3 insubstantial wisps (Lair:5)
  A soldier ant (D:11)
  5 hell hounds (D:15)
  10 porcupines
  18 water moccasins
  Duvessa (D:4)
  A black bear (shapeshifter) (Vaults:4)
  38 orc warriors
  A black bear (D:7)
  4 eyes of draining
  3 necrophages
  3 sky beasts
  3 wasps
  5 ice beasts
  32 ogres
  4 boggarts (Vaults:1)
  5 wolves
  3 phantoms
  20 centaurs
  13 crocodiles
  10 big kobolds
  Blork the orc (D:4)
  23 giant frogs
  A wyvern zombie (D:8)
  Dowan (D:4)
  A gnoll sergeant (Orc:2)
  38 scorpions
  A boulder beetle zombie (Vaults:1)
  An elf simulacrum (Vaults:1)
  19 killer bees
  8 wights
  3 howler monkeys
  7 crimson imps
  4 electric eels
  A giant frog zombie (D:12)
  2 quasits
  20 hounds
  7 centaur skeletons
  2 centaur zombies
  6 jellies
  35 orc wizards
  3 giant frog skeletons
  16 orc priests
  A gnoll shaman (D:5)
  7 iguanas
  12 worker ants
  7 hell rats (Lair:7)
  11 sheep
  A hound zombie (D:5)
  A howler monkey zombie (D:8)
  Robin (D:3)
  15 gnolls
  88 river rats
  10 adders
  4 shadow imps
  2 adder skeletons
  5 dart slugs
  2 giant geckos
  72 orcs
  2 ball pythons
  13 bats
  7 giant cockroaches
  51 goblins
  32 hobgoblins
  11 jackals
  2 quokkas
  2 giant gecko skeletons (D:4)
  8 giant newts
  40 kobolds
  A quokka skeleton (D:6)
  7 rats
  3 crawling corpses (Elf:3)
  4 fungi
  5 plants
  3 tentacles (Shoals:1)
1945 creatures vanquished.

Vanquished Creatures (collateral kills)
  Asterion (Spider:4)
  An orc warlord (Orc:2)
  A vault warden (Vaults:2)
  An emperor scorpion (Spider:4)
  2 ironheart preservers (Vaults:2)
  2 deep elf annihilators (Elf:3)
  An entropy weaver (Spider:4)
  3 merfolk avatars
  A satyr (Shoals:4)
  An alligator (Shoals:4)
  2 orc high priests
  2 death yaks (Lair:8)
  A sea snake (Shoals:1)
  4 harpies
  An orc knight (Vaults:2)
  A deep elf mage (Elf:3)
  2 orb spiders (Spider:4)
  2 griffons
  2 hornets
  A manticore (Shoals:4)
  2 fauns
  3 sirens
  4 merfolk (Shoals:4)
  A blink frog (Lair:8)
  A slime creature (Vaults:1)
  2 snapping turtles (Shoals:4)
  4 redbacks (Spider:4)
  A yak (Lair:8)
  2 wargs
  A mottled dragon (Vaults:1)
  2 orc warriors (Orc:2)
  A killer bee (D:12)
  3 wights (D:11)
  2 electric eels (Lair:8)
  An iguana (D:10)
  An orc wizard (Orc:2)
  A gnoll (Orc:2)
  8 river rats (Lair:4)
  8 orcs
  A fungus (Lair:3)
81 creatures vanquished.

Vanquished Creatures (others)
  A vault warden (Vaults:1)
  A deep elf elementalist (Elf:3)
  A merfolk javelineer (Shoals:4)
  2 ettins (Vaults:2)
  A vault guard (Vaults:2)
  An entropy weaver (Spider:2)
  A deep elf knight (Elf:2)
  2 deep elf magi
  A faun (Shoals:1)
  An orc knight (Vaults:1)
  A wolf spider (Spider:1)
  An orc sorcerer (Elf:3)
  A hornet (Spider:2)
  A yaktaur (Vaults:1)
  A freezing wraith (Vaults:2)
  2 orc warriors (Orc:2)
  A jumping spider (Spider:4)
  A merfolk (Shoals:1)
  2 redbacks
  3 yaks
  A vampire mosquito (Vaults:1)
  An ogre (Orc:1)
  2 centaurs
  A wyvern zombie (D:14)
  A wight (D:11)
  An orc (Vaults:2)
  A bush (Lair:7)
  A crawling corpse (Elf:3)
  3 fire vortices (Vaults:4)
  10 fungi
  22 plants
  A tentacle (Shoals:1)
  121 tentacle segments (Shoals:1)
192 creatures vanquished.

Grand Total: 2218 creatures vanquished

Notes
Turn   | Place    | Note
--------------------------------------------------------------
     0 | D:1      | Jerry the Deep Dwarf Fighter began the quest for the Orb.
     0 | D:1      | Reached XP level 1. HP: 20/20 MP: 1/1
    69 | D:1      | Reached XP level 2. HP: 27/27 MP: 2/2
   315 | D:1      | Reached XP level 3. HP: 31/33 MP: 3/3
   806 | D:2      | Reached XP level 4. HP: 25/40 MP: 4/4
   818 | D:2      | Found a glowing golden altar of the Shining One.
   977 | D:2      | Found an iron altar of Okawaru.
  1199 | D:2      | Found an opulent altar of Gozag.
  1206 | D:2      | Noticed Sigmund
  1298 | D:2      | Killed Sigmund
  1298 | D:2      | Reached skill level 5 in Axes
  1298 | D:2      | Reached skill level 5 in Armour
  1298 | D:2      | Reached XP level 5. HP: 46/46 MP: 4/4
  1318 | D:2      | Reached XP level 6. HP: 54/55 MP: 5/5
  1419 | D:3      | Noticed Robin
  1426 | D:3      | Killed Robin
  1786 | D:3      | Found a burning altar of Makhleb.
  2517 | D:4      | Noticed Grinder
  2527 | D:4      | Paralysed by Grinder for 3 turns
  2543 | D:4      | Killed Grinder
  2543 | D:4      | Reached XP level 7. HP: 33/61 MP: 6/6
  2565 | D:4      | Reached skill level 1 in Evocations
  2709 | D:4      | Reached skill level 2 in Evocations
  2790 | D:4      | Noticed Duvessa
  2790 | D:4      | Noticed Dowan
  2817 | D:4      | Killed Duvessa
  2821 | D:4      | Killed Dowan
  2901 | D:4      | Noticed Blork the orc
  2916 | D:4      | Killed Blork the orc
  2916 | D:4      | Reached skill level 3 in Evocations
  3179 | D:4      | Reached XP level 8. HP: 23/68 MP: 9/9
  3270 | D:5      | Entered Level 5 of the Dungeon
  3294 | D:5      | Reached skill level 4 in Evocations
  3722 | D:5      | Reached skill level 5 in Evocations
  4120 | D:5      | Reached skill level 6 in Evocations
  4224 | D:5      | Found a staircase to the Ecumenical Temple.
  4239 | Temple   | Entered the Ecumenical Temple
  4251 | Temple   | Became a worshipper of Pakellas the Inventive
  4834 | D:5      | Found Hekhlaf's Armour Boutique.
  5119 | D:6      | Gained mutation: You passively map the area around you. [Deep Dwarf growth]
  5119 | D:6      | Reached XP level 9. HP: 44/74 MP: 10/10
  5441 | D:6      | Reached * piety under Pakellas
  5441 | D:6      | Received a gift from Pakellas
  5517 | D:6      | Found a basalt altar of Yredelemnul.
  5668 | D:6      | Noticed Prince Ribbit
  5887 | D:6      | Found a bloodstained altar of Trog.
  6168 | D:7      | Found Quxiparpho's Magic Scroll Emporium.
  6510 | D:7      | Reached ** piety under Pakellas
  6510 | D:7      | Received a gift from Pakellas
  6514 | D:7      | Reached skill level 10 in Axes
  6514 | D:7      | Reached skill level 10 in Armour
  7009 | D:8      | Reached XP level 10. HP: 52/81 MP: 11/11
  7204 | D:8      | HP: 3/81 [wyvern (14)]
  7275 | D:8      | Reached *** piety under Pakellas
  7275 | D:8      | Received a gift from Pakellas
  7334 | D:8      | Found a blossoming altar of Fedhas.
  7600 | D:8      | Gained mutation: You have large cloven feet. [potion of beneficial mutation]
  7832 | D:8      | Found a stormy altar of Qazlal.
  8074 | D:8      | Reached skill level 7 in Evocations
  8252 | D:9      | Found a staircase to the Lair.
  8624 | D:9      | Noticed Maurice
  8681 | D:9      | Paralysed by Maurice for 7 turns
  8705 | D:9      | Reached skill level 8 in Evocations
  8889 | D:9      | Gained mutation: You are resistant to hostile enchantments. [potion of beneficial mutation]
  8980 | D:9      | Killed Maurice
  9117 | D:9      | Found a staircase to the Orcish Mines.
  9197 | D:9      | Reached **** piety under Pakellas
  9197 | D:9      | Received a gift from Pakellas
  9253 | Lair:1   | Entered Level 1 of the Lair of Beasts
  9286 | D:9      | Reached skill level 9 in Evocations
  9331 | Lair:1   | Reached XP level 11. HP: 50/91 MP: 9/14
  9791 | Lair:1   | Reached ***** piety under Pakellas
  9791 | Lair:1   | Received a gift from Pakellas
 10154 | Lair:1   | Reached skill level 10 in Evocations
 10542 | Lair:2   | Got a twisted whip
 10543 | Lair:2   | Identified the +9 whip of Salujaawka {venom, Int+3} (You found it on level 2 of the Lair of Beasts)
 10922 | Lair:2   | Reached skill level 11 in Evocations
 11675 | Lair:3   | Reached XP level 12. HP: 61/99 MP: 12/17
 11783 | Lair:3   | Noticed Rupert
 11794 | Lair:3   | Killed Rupert
 11794 | Lair:3   | Reached skill level 12 in Evocations
 12582 | Lair:4   | Noticed a death yak
 12842 | Lair:4   | Found a staircase to the Shoals.
 12866 | Lair:4   | Found a deep blue altar of Sif Muna.
 12898 | Lair:4   | Reached ****** piety under Pakellas
 13269 | Lair:4   | Reached skill level 13 in Evocations
 13408 | Lair:2   | Identified a scroll of acquirement
 13488 | Orc:1    | Entered Level 1 of the Orcish Mines
 13494 | Orc:1    | Noticed an orc high priest
 13584 | D:10     | Entered Level 10 of the Dungeon
 13677 | D:10     | Noticed Nergalle
 13701 | D:10     | Killed Nergalle
 13856 | D:10     | Found an iron altar of Okawaru.
 13948 | D:10     | Noticed Joseph
 13973 | D:10     | Killed Joseph
 14684 | D:10     | Noticed Grum
 14689 | D:10     | Killed Grum
 14751 | D:11     | Noticed Harold
 14761 | D:11     | Killed Harold
 14761 | D:11     | Reached XP level 13. HP: 41/105 MP: 16/20
 14853 | D:11     | Noticed Maud
 14869 | D:11     | Killed Maud
 14918 | D:11     | Found a flagged portal.
 14936 | Bailey   | Entered a bailey
 15191 | Bailey   | Found an iron altar of Okawaru.
 15254 | Bailey   | Gained mutation: Your spells are a little harder to cast, but a little more powerful. [potion of beneficial mutation]
 15342 | D:11     | Found Ronn's Jewellery Shoppe.
 15352 | D:11     | Bought an uncursed ring of see invisible for 180 gold pieces
 15573 | D:11     | Reached skill level 14 in Evocations
 16074 | D:12     | Got a spiked leather armour
 16085 | D:12     | Identified the +3 leather armour of Xuoniw {rPois rC- rCorr Int+3} (You found it on level 12 of the Dungeon)
 16251 | D:12     | Learned a level 2 spell: Swiftness
 16439 | D:13     | Reached skill level 15 in Axes
 16491 | D:13     | Reached skill level 15 in Armour
 17535 | D:14     | Reached skill level 15 in Evocations
 18781 | Lair:6   | Gained mutation: You resist negative energy. [Deep Dwarf growth]
 18781 | Lair:6   | Reached XP level 14. HP: 80/112 MP: 7/22
 19471 | Lair:6   | Found a hole to the Spider Nest.
 19480 | Lair:6   | Reached skill level 16 in Evocations
 20351 | Lair:7   | Found a shimmering altar of Xom.
 20911 | Lair:7   | Noticed chfi's ghost (journeyman MiFi)
 20980 | Lair:7   | Killed chfi's ghost
 21205 | Lair:8   | Entered Level 8 of the Lair of Beasts
 21452 | Lair:8   | Reached skill level 17 in Evocations
 21657 | Lair:8   | Found a viscous altar of Jiyva.
 21658 | Lair:8   | Found a staircase to the Slime Pits.
 22098 | Lair:8   | Identified Ucwyrph's Grimoire of the Shifting Compass
 22178 | Lair:8   | Reached XP level 15. HP: 81/118 MP: 14/23
 23019 | Orc:2    | Entered Level 2 of the Orcish Mines
 23282 | Orc:2    | Noticed Saint Roka
 23299 | Orc:2    | Killed Saint Roka
 23513 | Orc:2    | Found a roughly hewn altar of Beogh.
 23586 | Orc:2    | Found Acuulaeh's Antique Armour Shoppe.
 23712 | Orc:2    | Found Sidwoduf's General Store.
 23734 | Orc:2    | Found a staircase to the Elven Halls.
 23752 | Orc:2    | Found Upniecikog's Antique Weapon Shoppe.
 23768 | Orc:2    | Found Bysau's Book Shoppe.
 23798 | Orc:2    | Bought the +7 war axe of Duesih {vamp, rC+ Int+4} for 746 gold pieces
 23880 | Orc:2    | Noticed an orc warlord
 23892 | Orc:2    | Killed an orc warlord
 24004 | Orc:2    | Reached skill level 18 in Evocations
 24681 | Spider:1 | Entered Level 1 of the Spider Nest
 25579 | Spider:1 | Reached skill level 5 in Fighting
 26058 | Spider:1 | Reached skill level 1 in Dodging
 26281 | Spider:2 | Reached skill level 19 in Evocations
 26281 | Spider:2 | Reached XP level 16. HP: 134/134 MP: 12/24
 26714 | Spider:2 | Got a heavily runed chain mail
 27129 | Spider:2 | Identified the +6 chain mail of the Camelopard {rC+ rN+} (You found it on level 2 of the Spider Nest)
 27819 | Spider:3 | Found a roughly hewn altar of Beogh.
 27887 | Spider:3 | Reached skill level 20 in Evocations
 28114 | Spider:4 | Entered Level 4 of the Spider Nest
 28358 | Spider:4 | Noticed Asterion
 28371 | Spider:4 | Killed Asterion
 28844 | Spider:4 | Reached XP level 17. HP: 152/152 MP: 11/26
 28856 | Spider:4 | Reached skill level 10 in Fighting
 28877 | Spider:4 | Reached skill level 21 in Evocations
 29045 | Spider:4 | Got a gossamer rune of Zot
 29626 | Orc:1    | Found a roughly hewn altar of Beogh.
 29628 | Orc:1    | Noticed bpy6's ghost (novice FeEn)
 29638 | Orc:1    | Killed bpy6's ghost
 29925 | Elf:1    | Entered Level 1 of the Elven Halls
 29992 | Elf:1    | Reached skill level 22 in Evocations
 30259 | Elf:1    | Noticed Frances
 30379 | Elf:1    | Killed Frances
 31040 | Elf:1    | Reached skill level 23 in Evocations
 31246 | Shoals:1 | Entered Level 1 of the Shoals
 31474 | Shoals:1 | Noticed a kraken
 31489 | Shoals:1 | Killed a kraken
 31573 | Shoals:1 | Noticed Aizul
 31599 | Shoals:1 | Killed Aizul
 31676 | Shoals:1 | Got a fine hand axe
 31677 | Shoals:1 | Identified the +10 hand axe of Valuable Assets {chop, rPois rF+ Str+5 Dex+4} (You found it on level 1 of the Shoals)
 31752 | Shoals:1 | Noticed a kraken
 31786 | Shoals:1 | Killed a kraken
 32356 | Shoals:2 | Learned a level 2 spell: Song of Slaying
 32394 | Shoals:2 | Reached skill level 24 in Evocations
 32685 | Shoals:2 | Gained mutation: You passively map a large area around you. [Deep Dwarf growth]
 32685 | Shoals:2 | Reached XP level 18. HP: 155/160 MP: 15/29
 32870 | Shoals:3 | Noticed Ilsuiw
 32899 | Shoals:3 | Killed Ilsuiw
 33473 | Shoals:3 | Reached skill level 25 in Evocations
 33703 | Shoals:4 | Entered Level 4 of the Shoals
 34001 | Shoals:4 | Identified the Catalogue of Unholy Aid
 34005 | Shoals:4 | Learned a level 2 spell: Repel Missiles
 34262 | Shoals:4 | Reached skill level 26 in Evocations
 34461 | Shoals:4 | Reached skill level 5 in Dodging
 34616 | Shoals:4 | Got a barnacled rune of Zot
 35865 | D:6      | Killed Prince Ribbit
 36321 | D:14     | Found a sparkling altar of Nemelex Xobeh.
 36359 | D:14     | Noticed Urug
 36366 | D:14     | Killed Urug
 36788 | D:14     | Found a gate to the Vaults.
 36839 | D:15     | Entered Level 15 of the Dungeon
 36857 | D:15     | Noticed Azrael
 36865 | D:15     | Killed Azrael
 36902 | D:15     | Found a sacrificial altar of Ru.
 37100 | D:15     | Reached XP level 19. HP: 168/168 MP: 31/31
 37328 | D:15     | Noticed Louise
 37341 | D:15     | Killed Louise
 37699 | D:15     | Found a staircase to the Depths.
 37903 | Depths:1 | Entered Level 1 of the Depths
 38162 | Vaults:1 | Entered Level 1 of the Vaults
 38301 | Vaults:1 | Reached skill level 27 in Evocations
 39135 | Vaults:1 | Reached skill level 10 in Dodging
 39516 | Vaults:1 | Reached skill level 5 in Shields
 39770 | Vaults:1 | Got a dazzling hand axe
 39771 | Vaults:1 | Identified the cursed +3 hand axe "Ifug" {drain, +Inv rC+ Str+3 Dex+3} (You found it on level 1 of the Vaults)
 40207 | Vaults:2 | Reached XP level 20. HP: 176/176 MP: 32/32
 40435 | Vaults:2 | Reached skill level 10 in Shields
 41567 | Vaults:2 | Got a fine emerald amulet
 41576 | Vaults:2 | Identified the amulet of Free Expression {+Rage rC+ MR+ Int-2 Dex+2} (You found it on level 2 of the Vaults)
 41699 | Vaults:2 | Identified the Collected Works on Creative Protection (You found it on level 2 of the Vaults)
 41702 | Vaults:2 | Identified the Grimoire of the Noxious Entourage (You found it on level 2 of the Vaults)
 42549 | Vaults:3 | Found a staircase to the Crypt.
 43961 | Vaults:4 | Noticed Wiglaf
 43984 | Vaults:4 | Killed Wiglaf
 44668 | Vaults:4 | Reached XP level 21. HP: 172/198 MP: 29/33
 46254 | Elf:2    | Found a huge runed gate.
 46254 | Elf:2    | Found a huge runed gate.
 46254 | Elf:2    | Found a huge runed gate.
 46255 | Elf:2    | Found a huge runed gate.
 46255 | Elf:2    | Found a huge runed gate.
 47234 | Elf:3    | Entered Level 3 of the Elven Halls
 48287 | Elf:3    | Killed from afar by a deep elf sorcerer

Skill      XL: |  1  2  3  4  5  6  7  8  9 10 11 12 13 14 15 16 17 18 19 20 21 |
---------------+----------------------------------------------------------------+-----
Axes           | 3 5 7 8 10 11 13 14 15 16 17 | 17.5
Armour         | 4 5 6 7 8 10 11 12 14 15 17 18 19 | 19.5
Shields        | 4 9 10 13 | 13.8
Evocations     | 3 6 9 11 13 15 17 19 20 24 26 27 | 27.0
Fighting       | 3 6 9 10 14 | 14.4
Dodging        | 2 4 5 10 | 10.9

Action                   |  1- 3 |  4- 6 |  7- 9 | 10-12 | 13-15 | 16-18 | 19-21 || total
-------------------------+-------+-------+-------+-------+-------+-------+-------++-------
Melee: War axe           |   110 |   181 |   583 |   573 |   574 |  2232 |  2566 ||  6819
       Kick              |       |       |       |   337 |   195 |       |       ||   532
       Whip              |       |       |       |   480 |  1585 |       |       ||  2065
Throw: Stone             |       |    10 |    52 |       |       |       |       ||    62
       Tomahawk          |       |       |    18 |    68 |    28 |       |       ||   114
       Throwing net      |       |       |     1 |     2 |       |       |       ||     3
Invok: Quick Charge      |       |       |       |    17 |    30 |    20 |    13 ||    80
 Abil: Device Recharging |       |     1 |     2 |       |     2 |       |       ||     5
Evoke: Wand              |       |     6 |    36 |    75 |   159 |   222 |   144 ||   642
       Rod               |       |       |       |    38 |    47 |       |       ||    85
       Lamp of fire      |       |       |       |     2 |     2 |     3 |     4 ||    11
       Disc of storms    |       |       |       |       |     2 |       |       ||     2
       Phial of floods   |       |       |       |       |     1 |     6 |     2 ||     9
       Stone of tremors  |       |       |       |       |       |       |     1 ||     1
  Use: Potion            |       |     2 |     1 |     3 |     6 |     7 |     1 ||    20
       Scroll            |       |       |       |    25 |     9 |    11 |    11 ||    56
 Stab: Paralysed         |       |       |       |    45 |   230 |   285 |   106 ||   666
       Distracted        |       |       |       |     1 |       |     6 |     1 ||     8
       Held in net/web   |       |       |       |       |     1 |     1 |       ||     2
  Eat: Chunk             |       |     5 |    35 |    38 |    57 |    41 |    38 ||   214
Armor: Scale mail        |    54 |    75 |   275 |   126 |       |       |       ||   530
       Plate armour      |       |       |       |   433 |  1261 |   119 |   221 ||  2034
       Chain mail        |       |       |       |       |       |  1391 |   669 ||  2060
Dodge: Dodged            |    41 |    45 |   197 |   270 |   515 |  1001 |   781 ||  2850
Block: Shield            |    60 |    47 |       |       |       |       |       ||   107
       Buckler           |       |     6 |   154 |   186 |   401 |   520 |   204 ||  1471
       Large shield      |       |       |       |       |       |       |  1220 ||  1220
